AoeStats
← vladimirsuarez464

Arena

509749729Analyzed
1v1 RM · 5d ago on Sep 27, 2026· 21m 26s· 2 players
Game mode
Random Map
Map size
Tiny (2 player)
Population
200
Speed
Normal
Resources
Standard
Victory
Conquest
Starting age
Dark Age
Ending age
Imperial Age
RankedLock teamsTeams togetherTeam positionsShared explorationLock speedFull tech treeHidden civsTurbo modeCheats
Victory
Defeat
🇺🇸 Japanese · United States
780
+16
🇺🇾 Japanese · Uruguay
772
-40
vladimirsuarez464
10:01 Feudal Age
12:44 Double-Bit Axe
13:15 Horse Collar
17:27 Wheelbarrow
19:34 Gold Mining
19:41 Loom
Prufrock123
10:35 Feudal Age
10:35 Loom
11:25 Double-Bit Axe
11:35 Horse Collar
12:32 Man-at-Arms
19:10 Forging
19:26 Scale Mail Armor
Connection lost

Rejoining the realm…

Still unreachable

The connection could not be restored.

Session expired

The server has moved on; the page needs a fresh start.